 Dungeon Crawl Stone Soup version 0.17-a0-2069-g0f4ee5b (webtiles) character file.

136 Shim the Charmwright (level 4, -1/30 HPs)
             Began as a High Elf Skald on Oct 13, 2015.
             Slain by an orc wizard
             ... wielding a +0 dagger
              (3 damage)
             ... on level 3 of the Dungeon.
             The game lasted 00:17:53 (4190 turns).

Shim the Charmwright (High Elf Skald)               Turns: 4190, Time: 00:17:53

Health: -1/30      AC:  3    Str: 11    XL:     4   Next: 98%
Magic:  7/9        EV: 12    Int: 18    God:
Gold:   212        SH:  0    Dex: 15    Spells: 3 memorised, 2 levels left

rFire  . . .     SeeInvis .     u - +0 long sword
rCold  . . .     Clarity  .     b - +0 leather armour
rNeg   . . .     SustAt   .     (no shield)
rPois  .         Gourm    .     (no helmet)
rElec  .         Spirit   .     (no cloak)
rCorr  .         Warding  .     (no gloves)
rMut   .         Stasis   .     (no boots)
MR     .....                    (no amulet)
Stlth  ++........               (no ring)
                                (no ring)

@: not resistant to hostile enchantments, unstealthy
A: fangs 1, blurry vision 1, clever 1
a: no special abilities


You were on level 3 of the Dungeon.
You were not hungry.

You visited 1 branch of the dungeon, and saw 3 of its levels.

You collected 212 gold pieces.

Inventory:

Hand Weapons
 a - a +0 short sword
 u - a +0 long sword (weapon)
Armour
 b - a +0 leather armour (worn)
Wands
 v - a wand of magic darts (21)
Scrolls
 e - a scroll of remove curse {unknown}
 f - 5 scrolls of teleportation {unknown}
 i - 2 scrolls of identify {unknown}
 j - a scroll of random uselessness {unknown}
 k - a scroll of amnesia {unknown}
 r - 3 scrolls of fog {unknown}
 t - 3 scrolls of immolation {unknown}
 w - a scroll of blinking {unknown}
Potions
 h - 2 potions of lignification {unknown}
 l - 2 potions of heal wounds {unknown}
 m - 2 potions of mutation
 n - 3 potions of curing {unknown}
 o - a potion of flight {unknown}
 q - a potion of ambrosia {unknown}
Books
 c - a book of Battle

   Spells                             Type                      Level
   a - Infusion                       Charms                       1
   b - Shroud of Golubria             Charms/Translocation         2
   c - Song of Slaying                Charms                       2
   d - Spectral Weapon                Hexes/Charms                 3
   e - Regeneration                   Charms/Necromancy            3
Comestibles
 d - 3 bread rations
 g - a meat ration
 p - 3 royal jellies
 s - 4 fruits
 x - a chunk of flesh


   Skills:
 + Level 2.4 Fighting
 + Level 2.8 Short Blades
 + Level 1.7 Armour
 + Level 2.2 Dodging
 * Level 1.9 Stealth
 + Level 2.9 Spellcasting
 + Level 4.4 Charms
 + Level 0.7 Translocations
 + Level 0.2 Evocations


You had 2 spell levels left.
You knew the following spells:

 Your Spells              Type           Power        Failure   Level  Hunger
a - Infusion              Chrm           ###...       3%          1    None
b - Regeneration          Chrm/Necr      ##........   30%         3    ###....
c - Shroud of Golubria    Chrm/Tloc      ##........   14%         2    ##.....


Dungeon Overview and Level Annotations

Branches:
Dungeon (3/15)

Altars:
Cheibriados

Annotations:
D:3 endege's ghost, amateur KoAs


Innate Abilities, Weirdness & Mutations

You have very sharp teeth.
Scrolls take you a little longer to read.
Your mind is acute. (Int +2)


Message History

The bat closely misses you. The orc wizard completely misses you.
The bat misses you.
The orc wizard hits you but does no damage.
You hit the bat.
You kill the bat!
The orc wizard hits you with a dagger.
* * * LOW HITPOINT WARNING * * *
The orc wizard barely misses you.
You see here a bat corpse.
The orc wizard hits you but does no damage.
Drink which item? (? for menu, Esc to quit)
Okay, then.
The orc wizard hits you with a dagger.
* * * LOW HITPOINT WARNING * * *
Your shroud falls apart!
Drink which item? (? for menu, Esc to quit)
It was a potion of mutation.
You feel extremely strange.
Your vision blurs.
Your teeth lengthen and sharpen.
You feel clever. The orc wizard hits you with a dagger.
You die...

####.# #.# #b# #.# #W# #.# #.#
#.# #.# #.# ####.####.#
........#.# ###
........#.######### #(.
........'.......@.# #.#
........#.#######o#############..
...................o.o[.........>
#######.#.[#.##.#.############o..
.............. ###...
###.#..#..#.#.# #.....
#.####..#.#.# #.#.#. #.# ..###
#.# # #.#.## #. #.# #. #....o


You could see an orc wizard and an orc.

Vanquished Creatures
  Ijyb (D:2)
  2 adders (D:3)
  3 oozes
  A worm (D:2)
  A giant gecko (D:1)
  2 orcs (D:3)
  8 bats
  4 giant cockroaches
  8 hobgoblins
  2 jackals (D:1)
  A quokka (D:2)
  2 ball pythons
  4 giant newts
  12 goblins
  11 kobolds
  8 rats
70 creatures vanquished.

Notes
Turn   | Place    | Note
--------------------------------------------------------------
     0 | D:1      | Shim the High Elf Skald began the quest for the Orb.
     0 | D:1      | Reached XP level 1. HP: 14/14 MP: 4/4
   219 | D:1      | Reached skill level 4 in Charms
   222 | D:1      | Reached XP level 2. HP: 5/19 MP: 0/6
   772 | D:1      | Reached skill level 1 in Armour
   932 | D:1      | Reached XP level 3. HP: 17/24 MP: 0/7
   937 | D:1      | Learned a level 3 spell: Regeneration
  1420 | D:1      | Reached skill level 1 in Stealth
  1722 | D:1      | Learned a level 2 spell: Shroud of Golubria
  2152 | D:2      | Noticed Ijyb
  2182 | D:2      | Killed Ijyb
  2182 | D:2      | Reached XP level 4. HP: 9/30 MP: 2/9
  2899 | D:3      | Noticed endege's ghost (amateur KoAs)
  3658 | D:3      | Found a snail-covered altar of Cheibriados.
  4190 | D:3      | Gained mutation: Scrolls take you a little longer to read. [potion of mutation]
  4190 | D:3      | Gained mutation: You have very sharp teeth. [potion of mutation]
  4190 | D:3      | Gained mutation: Your mind is acute. (Int +2) [potion of mutation]
  4190 | D:3      | Slain by an orc wizard

Vault maps used:
D:1:      dpeg_arrival_windows_large_door, minmay_vboxes
D:2:      uniq_iyjb
D:3:      old_standard_altar, first_bread, elyvilon_altar_1

Action                   |  1- 3 |  4- 6 || total
-------------------------+-------+-------++-------
Melee: Short sword       |   135 |       ||   135
       Long sword        |    15 |   106 ||   121
 Cast: Infusion          |    15 |     9 ||    24
       Shroud of Golubri |     3 |    15 ||    18
       Regeneration      |       |     3 ||     3
Evoke: Wand              |     2 |       ||     2
  Use: Potion            |       |     1 ||     1
 Stab: Sleeping          |       |     2 ||     2
  Eat: Chunk             |     4 |     4 ||     8
       Bread ration      |       |     1 ||     1
